 Dungeon Crawl Stone Soup version 0.30-a0-989-g0d87f670db (webtiles) character file.

Game seed: 3423620135314085039

226 Maxmaps the Trooper (level 5, -1/44 HPs)
             Began as a Demonspawn Monk on Apr 3, 2023.
             Slain by an ufetubus (4 damage)
             ... summoned by Eustachio
             ... on level 4 of the Dungeon.
             The game lasted 00:04:51 (4001 turns).

Maxmaps the Trooper (Demonspawn Monk)               Turns: 4001, Time: 00:04:52

Health: -1/44      AC:  8    Str: 11    XL:     5   Next: 69%
Magic:  5/5        EV: 12    Int: 14    God:
Gold:   120        SH:  0    Dex: 15    Spells: 4/4 levels left

rFire   . . .      SeeInvis +      - Unarmed
rCold   . . .      Faith    .    (no shield)
rNeg    . . .      Spirit   .    a - +0 robe
rPois   .          Reflect  .    (no helmet)
rElec   .          Rampage  .    e - +0 cloak
rCorr   .                        h - +2 pair of gloves
Will    .....                    (no boots)
Stlth   ++                       (no amulet)
HPRegen 0.27/turn                d - ring of see invisible
MPRegen 0.09/turn                (no ring)

@: mighty
A: claws 1, molten scales 1, demonic magic 1
a: no special abilities


You were on level 4 of the Dungeon.
You visited 1 branch of the dungeon, and saw 4 of its levels.

You collected 120 gold pieces.

Inventory:

Armour
 a - a +0 robe (worn)
 e - a +0 cloak (worn)
 h - a +2 pair of gloves (worn)
Jewellery
 d - a ring of see invisible (left hand)
 k - an amulet of faith
Scrolls
 g - 3 scrolls of amnesia {unknown}
 i - 2 scrolls of identify {unknown}
 m - a scroll of enchant weapon {unknown}
 n - 2 scrolls of teleportation {unknown}
 o - a scroll of enchant armour {unknown}
 q - a scroll of noise {unknown}
Potions
 f - a potion of flight {unknown}
 j - 4 potions of curing {unknown}
 l - 2 potions of haste {unknown}
 p - a potion of heal wounds {unknown}


   Skills:
 - Level 5.2 Fighting
 - Level 2.6 Dodging
 - Level 1.7 Stealth
 + Level 4.4 Unarmed Combat


You had 4 spell levels left.
You didn't know any spells.
Your spell library contained the following spells:

 Spells                   Type           Power      Damage    Failure   Level
 Kiss of Death            Conj/Necr      0%         2d5       28%         1
 Magic Dart               Conj           0%         1d3       28%         1
 Sandblast                Erth           0%         2d4       28%         1
 Passwall                 Tmut/Erth      0%         N/A       41%         2
 Searing Ray              Conj           0%         2d4       41%         2
 Confusing Touch          Hex            0%         N/A       65%         3
 Stone Arrow              Conj/Erth      0%         3d7       65%         3
 Dispel Undead            Necr           0%         3d6       96%         4
 Fulminant Prism          Conj/Hex       0%         3d5       96%         4
 Freezing Cloud           Conj/Ice/Air   0%         6-21      100%        5
 Simulacrum               Ice/Necr       0%         N/A       100%        6
 Polar Vortex             Ice            0%         N/A       100%        9


Dungeon Overview and Level Annotations

Branches:
Dungeon (4/15)
 Temple: D:4-7

Altars:

Annotations:
D:4 Eustachio


Innate Abilities, Weirdness & Mutations

You have sharp fingernails.
You are partially covered in molten scales. (AC +2)
Spells you cast may paralyse adjacent enemies.


Message History

Eustachio gestures wildly while chanting.
You punch the ufetubus!
You kill the ufetubus!
The ufetubus disappears in a puff of smoke!
The ufetubus completely misses you. The ufetubus barely misses you.
The quokka barely misses you. The ufetubus barely misses you.
The ufetubus closely misses you.
The quokka bites you but does no damage.
Eustachio hits you with a +0 rapier.
* * * LOW HITPOINT WARNING * * *
The ufetubus barely misses you. The ufetubus closely misses you.
The ufetubus hits you but does no damage.
The ufetubus barely misses you.
The iron imp hits you but does no damage.
You hit Eustachio.
Eustachio is almost dead.
The ufetubus hits you but does no damage.
The ufetubus barely misses you. The ufetubus closely misses you.
The ufetubus barely misses you.
Eustachio casts a spell.
Eustachio blinks!
The quokka bites you but does no damage.
The iron imp barely misses you. The ufetubus hits you.
* * * LOW HITPOINT WARNING * * *
The ufetubus hits you but does no damage.
The ufetubus barely misses you. The ufetubus hits you.
* * * LOW HITPOINT WARNING * * *
The quokka attacks as you move away!
The quokka bites you but does no damage.
The ufetubus attacks as you move away!
The ufetubus hits you but does no damage.
The ufetubus hits you.
* * * LOW HITPOINT WARNING * * *
Eustachio mumbles some strange words.
The ufetubus barely misses you. The ufetubus misses you.
The ufetubus attacks as you move away! The ufetubus barely misses you.
The ufetubus misses you.
The ufetubus hits you but does no damage.
The ufetubus hits you.
You die...

..........#.# #.#######
......)...#.# #.#
............# #.#
.......###..# #.###
...)...# #..###.#..
.......# #....#.#.#
.......# ##.#.#.#.#
.......# #.#.r5#.######
.......# #..55.@.rb....
.......########.#@######
#......... #.#.#
#......... #.#.#
#.รท........ #>..#
#.......... #####
#......... #.........
).........


You could see Eustachio, an iron imp (summoned), 2 ufetubi, 2 quokkas and a bat
(summoned).

Vanquished Creatures
  A hound (D:3)
  2 iguanas (D:4)
  Robin (D:2)
  2 adders
  3 dart slugs
  An orc (D:3)
  8 ball pythons
  12 endoplasms
  6 giant cockroaches
  16 goblins
  6 hobgoblins
  7 jackals
  3 quokkas
  10 bats
  6 frilled lizards
  6 kobolds
  10 rats
100 creatures vanquished.

Vanquished Creatures (others)
  A goblin (D:2)
1 creature vanquished.

Grand Total: 101 creatures vanquished

Notes
Turn   | Place    | Note
-------+----------+-------------------------------------------
     0 | D:1      | Maxmaps the Demonspawn Monk began the quest for the Orb.
     0 | D:1      | Reached XP level 1. HP: 18/18 MP: 1/1
    13 | D:1      | Found a faded altar of an unknown god.
   222 | D:1      | Gained mutation: You are partially covered in molten
                  | scales. (AC +2) [demonic ancestry]
   222 | D:1      | Reached XP level 2. HP: 18/24 MP: 2/2
   539 | D:1      | Reached skill level 4 in Fighting
   760 | D:1      | Gained mutation: Spells you cast may paralyse adjacent
                  | enemies. [demonic ancestry]
   760 | D:1      | Reached XP level 3. HP: 30/30 MP: 3/3
  1969 | D:2      | Noticed Robin
  1972 | D:2      | Gained mutation: You have sharp fingernails. [demonic
                  | ancestry]
  1972 | D:2      | Reached XP level 4. HP: 37/38 MP: 4/4
  1991 | D:2      | Reached skill level 5 in Fighting
  2037 | D:2      | Killed Robin
  2932 | D:3      | Reached XP level 5. HP: 41/44 MP: 5/5
  3923 | D:4      | Noticed Eustachio
  4001 | D:4      | Slain by an ufetubus

Illustrated notes

Levels and vault maps discovered:
D:1:      minmay_arrival_semitransparent, layout_basic,
          shapermc_ecumenical_altar_ellora, serial_bayou_pond_b,
          minmay_misc_feat_nine_boxes
D:2:      layout_loops_corners, chequers_jeans, uniq_robin
D:3:      minmay_door_path, layout_loops_ring, grunt_ministairs_1
D:4:      layout_basic, uniq_eustachio

Skill      XL: |  1  2  3  4  5 |
---------------+----------------+-----
Fighting       | 4 5 |  5.2
Unarmed Combat | 3 4 |  4.4
Dodging        | |  2.6
Stealth        | |  1.7

Action                     |  1- 3 |  4- 6 || total
---------------------------+-------+-------++-------
  Melee: Unarmed           |   216 |   258 ||   474
         Punch             |     6 |     3 ||     9
    Use: Potion            |       |     3 ||     3
   Stab: Sleeping          |     8 |     5 ||    13
 Armour: Robe              |    54 |   116 ||   170
         Skin              |       |     9 ||     9
  Dodge: Dodged            |   133 |   238 ||   371

Table legend: (Time is in decaauts)
 A = Elapsed time spent in this place.
 B = Non-inter-level travel time spent in this place.
 C = Inter-level travel time spent in this place.
 D = Time resting spent in this place.
 E = Time spent auto-exploring this place.
 F = Levels seen in this place.
 G = Mean time per level.
                   A        B        C        D        E       F      G
               +--------+--------+--------+--------+--------+-----+--------+
         Total |   3976 |   3888 |     88 |    512 |   2518 |   4 |  994.0 |
       Dungeon |   3976 |   3888 |     88 |    512 |   2518 |   4 |  994.0 |
               +--------+--------+--------+--------+--------+-----+--------+

Top non-repeatable levels by time:
     D:1: 1473 daAuts
     D:2: 1085 daAuts
     D:3: 902 daAuts
     D:4: 515 daAuts
